 Dungeon Crawl Stone Soup version 0.31-a0-150-g89dc3ad700 (webtiles) character file.

Game seed: 10902310079423390680

51 qw the Shooter (level 3, -2/21 HPs)
             Began as a Gargoyle Hunter on June 8, 2023.
             Slain by Robin
             ... wielding a +0 short sword
              (4 damage)
             ... on level 2 of the Dungeon.
             The game lasted 00:00:22 (967 turns).

qw the Shooter (Gargoyle Hunter)                     Turns: 967, Time: 00:00:22

Health: -2/21      AC:  8    Str: 12    XL:     3   Next: 83%
Magic:  3/3        EV: 10    Int:  9    God:
Gold:   82         SH:  0    Dex: 13    Spells: 2/2 levels left

rFire   . . .        Y - +0 shortbow
rCold   . . .        (shield currently unavailable)
rNeg    + . .        e - +0 ring mail
rPois   inf          (no helmet)
rElec   +            (no cloak)
rCorr   .            (no gloves)
SInv    .            (no boots)
Will    .....        (no amulet)
Stlth   +            (no ring)
HPRegen 0.23/turn    (no ring)
MPRegen 0.08/turn

%: no passive effects
@: no status effects
A: sickness immunity, AC +3, negative energy resistance 1, electricity
resistance, torment resistance 1, petrification resistance, clumsy 1, high MP 1,
weak 1
a: no special abilities


You were on level 2 of the Dungeon.
You visited 1 branch of the dungeon, and saw 2 of its levels.

You collected 82 gold pieces.


Innate Abilities, Weirdness & Mutations

You are immune to sickness and miasma.
Your stone body is resilient. (AC +3)
You are immune to poison.
You resist negative energy. (rN+)
You are resistant to electric shocks. (rElec)
You are resistant to unholy torment.
You are immune to petrification.
You are clumsy. (Dex -2)
You have an increased reservoir of magic. (+10% MP)
You are weak. (Str -2)


   Skills:
 - Level 2.1 Fighting
 + Level 4.8 Ranged Weapons
 - Level 2.2 Armour
 - Level 1.5 Dodging
 - Level 1.1 Stealth


You had 2 spell levels left.
You didn't know any spells.
Your spell library was empty.

Inventory:

Hand Weapons
 Y - a +0 shortbow (weapon)
Armour
 c - a +0 helmet
 e - a +0 ring mail (worn)
Scrolls
 b - a scroll of immolation {unknown}
Potions
 a - a potion of heal wounds {unknown}

Dungeon Overview and Level Annotations

Branches:
Dungeon (2/15)

Altars:

Annotations:
D:2 1 runed translucent door, Crazy Yiuf, Robin


Message History

The goblin hits you but does no damage. The goblin barely misses you.
You shoot an arrow. The arrow closely misses the goblin.
The goblin hits you but does no damage. The goblin closely misses you.
You shoot an arrow. The arrow hits the goblin.
The goblin is heavily wounded.
The goblin barely misses you. The goblin hits you but does no damage.
The goblin hits you with a +0 dagger. The goblin hits you but does no damage.
You shoot an arrow. The arrow hits the goblin.
You kill the goblin!
The goblin no longer looks unusually strong. x2
The goblin closely misses you. Robin throws the goblin at you!
The goblin hits you but does no damage.
You shoot an arrow. The arrow barely misses the goblin.
The goblin closely misses you. The goblin hits you but does no damage.
Robin roars a battlecry!
The goblins go into a battle-frenzy!
You shoot an arrow. The arrow barely misses the goblin.
The goblin barely misses you. The goblin closely misses you.
You shoot an arrow. The arrow hits the goblin.
The goblin is moderately wounded.
The goblin no longer looks unusually strong.
The goblin closely misses you. The goblin barely misses you.
Robin roars a battlecry!
The goblin goes into a battle-frenzy!
The goblin closely misses you. The goblin hits you with a +0 dagger.
You shoot an arrow. The arrow hits the goblin.
You kill the goblin!
The goblin hits you with a +0 club.
You shoot an arrow. The arrow hits the goblin!
You kill the goblin!
The goblin barely misses you.
You shoot an arrow. The arrow barely misses the goblin.
The goblin hits you with a +0 club.
You shoot an arrow. The arrow closely misses Robin.
The goblin hits you with a +0 club. Robin hits you with a +0 short sword.
Robin closely misses you. The goblin closely misses you.
You shoot an arrow.
The arrow hits Robin but does no damage.
Robin hits you with a +0 short sword.
You die...

#.# ### #.# ..#
#.# #.# #.# .# #.#
#.# .# #.#######
#.# #.# #gg......
#.#####.#### #@#
###..........###.#
.....##..........#
..........##.#.###
#...###.####.#.#
#.#####:####.#.#
#.# #.........#
#.# ###########
#.#


You could see Robin and a goblin (strong).

Vanquished Creatures
  Natasha (D:2)
  2 bats (D:1)
  3 endoplasms
  A giant cockroach (D:2)
  8 goblins
  3 quokkas
  A ball python (D:1)
  A kobold (D:1)
  5 rats (D:1)
25 creatures vanquished.

Notes
Turn   | Place    | Note
-------+----------+-------------------------------------------
     0 | D:1      | qw the Gargoyle Hunter began the quest for the Orb.
     0 | D:1      | Reached XP level 1. HP: 12/12 MP: 1/1
     0 | D:1      | 0 ||| qw: Version: 0.2-a-119-g7aa9181
     0 | D:1      | 0 ||| qw: Game counter: 2846
     0 | D:1      | 0 ||| qw: Always use a shield: true
     0 | D:1      | 0 ||| qw: God list: Okawaru
     0 | D:1      | 0 ||| qw: Allow faded altars: false
     0 | D:1      | 0 ||| qw: Do Orc after D:15 true
     0 | D:1      | 0 ||| qw: Do second Lair branch before Depths: true
     0 | D:1      | 0 ||| qw: Lair rune preference: random
     0 | D:1      | 0 ||| qw: Plans: Normal
     0 | D:1      | 0 ||| PLANNING D:1-11
   182 | D:1      | Reached XP level 2. HP: 17/17 MP: 2/2
   778 | D:1      | 778 ||| UPGRADING to +0 ring mail.
   788 | D:1      | 788 ||| DROPPING +0 leather armour.
   789 | D:1      | 789 ||| READING scroll labelled JEASICHEISHISH.
   790 | D:1      | 790 ||| DRINKING 2 sedimented purple potions.
   791 | D:1      | 791 ||| DRINKING 2 fuming golden potions.
   791 | D:1      | Gained mutation: You are vulnerable to heat. (rF-) [potion
                  | of mutation]
   791 | D:1      | Gained mutation: Your spells are a little easier to cast,
                  | but a little less powerful. [potion of mutation]
   791 | D:1      | Gained mutation: You are clumsy. (Dex -2) [potion of
                  | mutation]
   792 | D:1      | 792 ||| DRINKING potion of mutation.
   792 | D:1      | Lost mutation: You are vulnerable to heat. (rF-) [potion of
                  | mutation]
   792 | D:1      | Lost mutation: Your spells are a little easier to cast, but
                  | a little less powerful. [potion of mutation]
   792 | D:1      | Gained mutation: You are weak. (Str -2) [potion of
                  | mutation]
   792 | D:1      | Gained mutation: You have an increased reservoir of magic.
                  | (+10% MP) [potion of mutation]
   793 | D:1      | 793 ||| DROPPING scroll of butterflies.
   794 | D:1      | 794 ||| DROPPING potion of invisibility.
   881 | D:2      | Found a runed translucent door.
   882 | D:2      | Noticed Crazy Yiuf
   900 | D:2      | Noticed Natasha
   913 | D:2      | Killed Natasha
   914 | D:2      | Reached XP level 3. HP: 20/21 MP: 3/3
   948 | D:2      | Noticed Robin
   966 | D:2      | HP: 4/21 [goblin/+0 club[Robin] (3)]
   967 | D:2      | Slain by Robin

Levels and vault maps discovered:
D:1:      dpeg_arrival_solitude, layout_loops_cross
D:2:      layout_loops_ring, kennysheep_generic_room_4, uniq_natasha,
          uniq_crazy_yiuf_cottage, uniq_robin

Skill      XL: |  1  2 |
---------------+-------+-----
Armour         | 2 |  2.2
Fighting       | |  2.1
Ranged Weapons | |  4.8
Dodging        | |  1.5
Stealth        | |  1.1

Action                     || total
---------------------------++-------
   Fire: Shortbow          ||    86
    Use: Potion            ||     3
         Scroll            ||     1
 Armour: Leather armour    ||     2
         Ring mail         ||    14
  Dodge: Dodged            ||    26

Table legend:
 A = Non-vault XP
 B = Vault XP
 C = Vault XP percentage of total XP
 D = Non-vault monster count
 E = Vault monster count
 F = Vault count percentage of total count
                 A         B        C        D         E       F
            +---------+---------+-------+---------+---------+-------
      Total |      30 |      44 |  59.5 |      19 |       6 |  24.0
            +---------+---------+-------+---------+---------+-------
        D:1 |      24 |       0 |   0.0 |      16 |       0 |   0.0
        D:2 |       6 |      44 |  88.0 |       3 |       6 |  66.7
            +---------+---------+-------+---------+---------+-------
